 Dungeon Crawl Stone Soup version 0.31-a0-865-g3d5d91748a (webtiles) character file.

Game seed: 17322674135864224038

23 tilp the Vexing (level 2, -1/21 HPs)
             Began as a Vampire Enchanter on Oct 11, 2023.
             Slain by a quokka (4 damage)
             ... on level 1 of the Dungeon.
             The game lasted 00:01:09 (583 turns).

tilp the Vexing (Vampire Enchanter)                  Turns: 583, Time: 00:01:09

Health: -1/21      AC:  3    Str:  7    XL:     2   Next: 75%
Magic:  1/5        EV: 12    Int: 17    God:
Gold:   50         SH:  0    Dex: 14    Spells: 3/5 levels left

rFire   . . .        a - +1 dagger
rCold   . . .        (no shield)
rNeg    . . .        b - +0 robe
rPois   .            (no helmet)
rElec   .            (no cloak)
rCorr   .            h - +0 pair of gloves
SInv    +            (no boots)
Will    .....        (no amulet)
Stlth   +++          (no ring)
HPRegen 0.43/turn    (no ring)
MPRegen 0.09/turn

%: no passive effects
@: healing quickly
A: alive, fangs 3, see invisible, vampiric 1
a: Exsanguinate


You were on level 1 of the Dungeon.
You visited 1 branch of the dungeon, and saw 1 of its levels.

You collected 50 gold pieces.

Inventory:

Hand Weapons
 a - a +1 dagger (weapon)
Missiles
 e - 8 stones
Armour
 b - a +0 robe (worn)
 h - a +0 pair of gloves (worn)
Scrolls
 d - 4 scrolls of identify {unknown}
 g - a scroll of torment {unknown}
Potions
 c - 2 potions of invisibility
 f - a potion of might {unknown}


   Skills:
 * Level 1.0 Fighting
 * Level 1.7 Short Blades
 + Level 2.4 Dodging
 + Level 4.6 Stealth
 + Level 2.1 Spellcasting
 + Level 4.7 Hexes


You had 3 spell levels left.
You knew the following spells:

 Your Spells              Type           Power      Damage    Failure   Level
a - Ensorcelled Hibernat  Hex/Ice        18%        N/A       11%         2

Your spell library contained the following spells:

 Spells                   Type           Power      Damage    Failure   Level
 Confusing Touch          Hex            17%        N/A       9%          3
 Tukima's Dance           Hex            17%        N/A       9%          3
 Dazzling Flash           Conj/Hex       18%        N/A       22%         3


Dungeon Overview and Level Annotations

Branches:
Dungeon (1/15)

Altars:


Innate Abilities, Weirdness & Mutations

Your natural rate of healing is accelerated.
You have razor-sharp teeth.
You have supernaturally acute eyesight. (SInv)
You are afflicted with vampirism.


Message History

Aiming: Ensorcelled Hibernation (safe; 11% risk of failure)
Press: ? - help, Shift-Dir - straight line, f/p - endoplasm
Aim: an endoplasm (heavily wounded, chance to affect: 61%)
The endoplasm looks drowsy...
Unknown command.
The helpless endoplasm fails to defend itself.
You impale the endoplasm!!
You kill the endoplasm!
Your Fighting skill increases to level 1!
Unknown command.
Casting: Ensorcelled Hibernation (safe; 11% risk of failure)
Confirm with . or Enter, or press ? or * to list all spells.
You don't have enough magic to cast this spell.
Unknown command.
Unknown command.
You barely miss the quokka. The quokka closely misses you.
You barely miss the quokka. You bite the quokka, but do no damage.
The quokka barely misses you. The quokka bites you.
* * * LOW HITPOINT WARNING * * *
You closely miss the quokka.
The quokka bites you but does no damage.
Casting: Ensorcelled Hibernation (safe; 11% risk of failure)
Confirm with . or Enter, or press ? or * to list all spells.
You don't have enough magic to cast this spell.
Unknown command.
Unknown command.
You closely miss the quokka.
The quokka bites you but does no damage.
Your magical contamination has completely faded away.
You hit the quokka. Your bite misses the quokka.
The quokka is heavily wounded.
The quokka closely misses you.
You miss the quokka.
The quokka is heavily wounded.
The quokka bites you.
* * * LOW HITPOINT WARNING * * *
You hit the quokka but do no damage.
The quokka is heavily wounded.
The quokka bites you.
You die...

.....##.).....###.##.#...#..#####
..... #.......###.##.............
..... #.......+................†.
##### #.......###.##.............
#†#................#..###.#
#.########.###........# #.#
#..................#..# #.#
#.########.###.....#..# #.# #.#
#@# #.....#..# #.# #.# #r#
#.....#..# #.. #+#
#.)........#.## #..
#............. ... +.............
...) #.....###..#.##.... #.....#
.. #.....# .. ####### #


You could see a quokka.

Vanquished Creatures
  A ball python (D:1)
  2 endoplasms (D:1)
  2 giant cockroaches (D:1)
  2 goblins (D:1)
  2 hobgoblins (D:1)
  2 kobolds (D:1)
  3 quokkas (D:1)
  3 bats (D:1)
  A frilled lizard (D:1)
  3 rats (D:1)
21 creatures vanquished.

Notes
Turn   | Place    | Note
-------+----------+-------------------------------------------
     0 | D:1      | tilp the Vampire Enchanter began the quest for the Orb.
     0 | D:1      | Reached XP level 1. HP: 13/13 MP: 3/3
   300 | D:1      | Reached XP level 2. HP: 20/20 MP: 5/5
   341 | D:1      | Learned a level 2 spell: Ensorcelled Hibernation
   577 | D:1      | Reached skill level 1 in Fighting
   583 | D:1      | Slain by a quokka

Illustrated notes

Levels and vault maps discovered:
D:1:      dpeg_arrival_orchard, layout_basic,
          dilly_ecumenical_altar_fadedgnrine, minmay_strange_pillars,
          chequers_mini_garden

Skill      XL: |  1  2 |
---------------+-------+-----
Fighting       | 1 |  1.0
Short Blades   | |  1.7
Dodging        | |  2.4
Stealth        | |  4.6
Spellcasting   | |  2.1
Hexes          | |  4.7

Action                     || total
---------------------------++-------
  Melee: Dagger            ||    72
         Bite              ||     2
         Punch             ||     1
   Cast: Ensorcelled Hiber ||     2
   Stab: Sleeping          ||     9
 Armour: Robe              ||    25
  Dodge: Dodged            ||    40

Table legend: (Time is in decaauts)
 A = Elapsed time spent in this place.
 B = Non-inter-level travel time spent in this place.
 C = Inter-level travel time spent in this place.
 D = Time resting spent in this place.
 E = Time spent auto-exploring this place.
 F = Levels seen in this place.
 G = Mean time per level.
                   A        B        C        D        E       F      G
               +--------+--------+--------+--------+--------+-----+--------+
         Total |    578 |    578 |      0 |    110 |    268 |   1 |  578.0 |
       Dungeon |    578 |    578 |      0 |    110 |    268 |   1 |  578.0 |
               +--------+--------+--------+--------+--------+-----+--------+

Top non-repeatable levels by time:
     D:1: 578 daAuts
